 Dungeon Crawl Stone Soup version 0.30-b1-2-g02819fbbbe (webtiles) character file.

Game seed: 8015516662694639936

1605 HoaS the Skirmisher (level 8, -12/44 HPs)
             Began as a Tengu Hunter on May 6, 2023.
             Mangled by Edmund
             ... wielding a +2 heavy flail
              (15 damage)
             ... on level 6 of the Dungeon.
             The game lasted 00:12:38 (5269 turns).

HoaS the Skirmisher (Tengu Hunter)                  Turns: 5269, Time: 00:12:39

Health: -12/44     AC:  3    Str: 12    XL:     8   Next: 94%
Magic:  9/9        EV: 19    Int:  9    God:
Gold:   386        SH:  0    Dex: 20    Spells: 7/7 levels left

rFire   . . .        a - +4 shortbow
rCold   + . .        (shield currently unavailable)
rNeg    . . .        c - +0 leather armour
rPois   .            (helmet restricted)
rElec   .            (no cloak)
rCorr   .            (no gloves)
SInv    .            (boots unavailable)
Will    .....        (no amulet)
Stlth   ++           d - ring of protection from cold
HPRegen 0.27/turn    e - +5 ring of evasion
MPRegen 0.11/turn

%: no passive effects
@: flying quickly and evasively, quick
A: beak, talons 3, nimble flight
a: no special abilities


You were on level 6 of the Dungeon.
You visited 1 branch of the dungeon, and saw 6 of its levels.

You collected 386 gold pieces.

Inventory:

Hand Weapons
 a - a +4 shortbow (weapon)
Missiles
 i - a throwing net
Armour
 c - a +0 leather armour (worn)
 h - a +0 scale mail
Jewellery
 d - a ring of protection from cold (left hand)
 e - a +5 ring of evasion (right hand)
Wands
 j - a wand of roots (9)
 k - a wand of mindburst (10)
Scrolls
 b - a scroll of immolation
 f - 2 scrolls of teleportation
Potions
 g - 2 potions of curing
 l - a potion of invisibility
 m - 3 potions of cancellation
 p - a potion of haste
 u - a potion of lignification


   Skills:
 - Level 2.0 Fighting
 + Level 12.5 Ranged Weapons
 - Level 1.7 Armour
 - Level 2.1 Dodging
 - Level 1.0 Stealth


You had 7 spell levels left.
You didn't know any spells.
Your spell library contained the following spells:

 Spells                   Type           Power      Damage    Failure   Level
 Foxfire                  Conj/Fire      0%         2x1d4     45%         1
 Kiss of Death            Conj/Necr      0%         2d5       45%         1
 Confusing Touch          Hex            0%         N/A       83%         3
 Dispel Undead            Necr           0%         3d6       99%         4
 Fireball                 Conj/Fire      0%         3d3       100%        5
 Plasma Beam              Fire/Air       0%         2x1d11    100%        6
 Starburst                Conj/Fire      0%         6d3       100%        6


Dungeon Overview and Level Annotations

Branches:
Dungeon (6/15)
 Temple: D:4-7

Altars:
Cheibriados

Annotations:
D:5 3 runed translucent doors, bruhbruhbruh's ghost, amateur DsCK
D:6 Edmund


Innate Abilities, Weirdness & Mutations

You have a beak for a mouth.
You have claws for feet.
Your magical nature lets you fly swiftly and evasively.


Message History

Edmund hits you with a +2 heavy flail!
You shoot an arrow. The arrow barely misses Edmund.
Edmund barely misses you.
You shoot an arrow. The arrow hits Edmund!
Edmund is heavily wounded.
Edmund closely misses you.
You shoot an arrow. The arrow hits Edmund.
Edmund is heavily wounded.
Edmund closely misses you.
You shoot an arrow. The arrow hits Edmund!
Edmund is severely wounded.
Edmund closely misses you.
You shoot an arrow. The arrow hits Edmund.
Edmund is severely wounded.
Edmund hits you with a +2 heavy flail!!
Ouch! That really hurt!
* * * LOW HITPOINT WARNING * * *
You feel much better. Edmund completely misses you.
You shoot an arrow. The arrow hits Edmund.
Edmund is almost dead.
Edmund hits you with a +2 heavy flail!
You shoot an arrow.
The arrow hits Edmund but does no damage.
Edmund is almost dead.
Edmund hits you with a +2 heavy flail!
* * * LOW HITPOINT WARNING * * *
You feel much better. Edmund hits you with a +2 heavy flail!
You shoot an arrow. The arrow closely misses Edmund.
Edmund hits you with a +2 heavy flail.
* * * LOW HITPOINT WARNING * * *
You shoot an arrow. The arrow closely misses Edmund.
Edmund barely misses you.
You shoot an arrow. The arrow barely misses Edmund.
You shoot an arrow. The arrow hits Edmund.
Edmund is almost dead.
Edmund hits you with a +2 heavy flail!
* * * LOW HITPOINT WARNING * * *
You shoot an arrow. The arrow closely misses Edmund.
Edmund closely misses you.
You shoot an arrow. The arrow hits Edmund.
Edmund is almost dead.
Edmund hits you with a +2 heavy flail!
You die...

###..........#
#.............
##......†.....#
#..........(.#
#.............#
#............#
##............#
.........#
##...........#
........#
#...........#
......#
##..........##
....
##........#.#
#........#@##
##.......##@#
##.....###Z##
###.. ##...##
#..#####......
##.##
##.##.........
###
#.......@....
#.............
##............
##...........


You could see Edmund (fast) and a bullfrog zombie.

Vanquished Creatures
  An ice beast (D:5)
  2 black bears
  A sky beast (D:6)
  An ogre (D:5)
  A phantom (D:4)
  A gnoll sergeant (D:5)
  A wyvern zombie (D:6)
  2 scorpions (D:5)
  A wyvern skeleton (D:6)
  4 bullfrog zombies (D:6)
  3 jellies
  3 orc priests
  A hound (D:6)
  A sleepcap (D:4)
  2 iguanas
  5 orc wizards
  A howler monkey zombie (D:6)
  8 gnolls
  4 adders
  2 shadow imps
  A white imp (D:6)
  3 worms
  2 dart slugs
  22 orcs
  7 endoplasms
  3 giant cockroaches
  7 goblins
  5 hobgoblins
  2 quokkas
  3 ball pythons (D:2)
  8 bats
  5 frilled lizards
  7 kobolds
  3 rats
123 creatures vanquished.

Vanquished Creatures (others)
  2 plants (D:2)
  2 withered plants (D:6)
4 creatures vanquished.

Grand Total: 127 creatures vanquished

Notes
Turn   | Place    | Note
-------+----------+-------------------------------------------
     0 | D:1      | HoaS the Tengu Hunter began the quest for the Orb.
     0 | D:1      | Reached XP level 1. HP: 12/12 MP: 2/2
   110 | D:1      | Reached XP level 2. HP: 17/17 MP: 3/3
   368 | D:1      | Reached skill level 5 in Ranged Weapons
  1024 | D:2      | Reached XP level 3. HP: 17/21 MP: 4/4
  1250 | D:2      | Found a faded altar of an unknown god.
  1710 | D:3      | Reached skill level 6 in Ranged Weapons
  1710 | D:3      | Reached skill level 1 in Armour
  1710 | D:3      | Reached XP level 4. HP: 22/26 MP: 5/5
  1917 | D:3      | Gained mutation: Your magical nature lets you fly swiftly
                  | and evasively. [Tengu growth]
  1917 | D:3      | Reached XP level 5. HP: 24/30 MP: 6/6
  2477 | D:4      | Reached skill level 7 in Ranged Weapons
  2622 | D:4      | Reached XP level 6. HP: 35/35 MP: 7/7
  2755 | D:4      | Noticed a black bear
  2765 | D:4      | Killed a black bear
  2766 | D:4      | Reached skill level 8 in Ranged Weapons
  3018 | D:4      | Reached XP level 7. HP: 40/40 MP: 8/8
  3347 | D:5      | Entered Level 5 of the Dungeon
  3388 | D:5      | Reached skill level 9 in Ranged Weapons
  3610 | D:5      | Reached skill level 10 in Ranged Weapons
  3814 | D:5      | Reached XP level 8. HP: 34/44 MP: 9/9
  3894 | D:5      | Noticed bruhbruhbruh's ghost (amateur DsCK)
  3900 | D:5      | Found a runed translucent gate.
  3900 | D:5      | Found a runed translucent gate.
  3901 | D:5      | Found a runed translucent gate.
  4063 | D:5      | Reached skill level 11 in Ranged Weapons
  4535 | D:6      | Found a snail-covered altar of Cheibriados.
  5108 | D:6      | Reached skill level 12 in Ranged Weapons
  5240 | D:6      | Noticed Edmund
  5269 | D:6      | Mangled by Edmund

Illustrated notes

Levels and vault maps discovered:
D:1:      heliophobic_arrival_enchanted_forest, layout_basic
D:2:      layout_basic, shapermc_ecumenical_altar_mp_ritualfount
D:3:      layout_basic
D:4:      layout_cave_pods, serial_rivers, chequers_serial_rivers_micro_a,
          chequers_serial_rivers_small_b, chequers_serial_rivers_micro_b,
          chequers_serial_rivers_micro_b, minmay_checkerbox
D:5:      layout_loops_ring, gammafunk_ghost_split
D:6:      layout_cave_pods, dancing_weapons_uskayaw, cheibriados_altar_1,
          serial_undead, serial_undead_e, serial_undead_e, serial_undead_d,
          serial_undead_e, serial_undead_c, serial_undead_a, minmay_liquid_box,
          uniq_edmund, uniq_duvessa

Skill      XL: |  1  2  3  4  5  6  7  8 |
---------------+-------------------------+-----
Ranged Weapons | 5 6 7 8 10 12 | 12.5
Armour         | 1 |  1.7
Fighting       | |  2.0
Dodging        | |  2.1
Stealth        | |  1.0

Action                     |  1- 3 |  4- 6 |  7- 9 || total
---------------------------+-------+-------+-------++-------
   Fire: Shortbow          |    83 |   140 |   212 ||   435
    Use: Scroll            |     8 |     6 |     6 ||    20
         Potion            |       |     3 |     2 ||     5
 Armour: Leather armour    |     8 |     3 |     4 ||    15
  Dodge: Dodged            |    20 |    50 |    77 ||   147
